 Dungeon Crawl Stone Soup version 0.27-a0-869-g165b36e3f0 (webtiles) character file.

Game seed: 10234674991520180000

327 sizableburger the Shooter (level 6, -5/48 HPs)
             Began as a Mummy Hunter on Apr 3, 2021.
             Was a Follower of Ru.
             Slain by a gnoll
             ... wielding a +3 spear
              (9 damage)
             ... on level 5 of the Dungeon.
             The game lasted 00:07:46 (3780 turns).

sizableburger the Shooter (Mummy Hunter)            Turns: 3780, Time: 00:07:47

Health: -5/48      AC:  4    Str: 16    XL:     6   Next: 24%
Magic:  6/6        EV: 11    Int: 12    God:    Ru [*.....]
Gold:   181        SH:  0    Dex: 12    Spells: 5/5 levels left

rFire    x . .     SeeInvis .   a - +1 shortbow
rCold    + . .     Faith    .   (shield currently unavailable)
rNeg     + + +     Spirit   .   c - +0 leather armour
rPois    ∞         Reflect  .   (no helmet)
rElec    .         Harm     .   h - +0 cloak
rCorr    .         Rampage  .   (no gloves)
Will     .....                  (no boots)
Stlth    +.........             (no amulet)
HPRegen  0.16/turn              (no ring)
MPRegen  0.10/turn              (no ring)

@: unable to read
A: cold resistance 1, negative energy resistance 3, torment resistance 2,
unbreathing 1, heat vulnerability 1, inability to read while threatened, no
potions
a: Renounce Religion


You were on level 5 of the Dungeon.
You worshipped Ru.
Ru was aware of your devotion.
You visited 1 branch of the dungeon, and saw 5 of its levels.

You collected 181 gold pieces.

Inventory:

Hand Weapons
 a - a +1 shortbow (weapon)
 e - a +2 spear of venom
Missiles
 b - a throwing net
 d - 136 arrows (quivered ammo)
Armour
 c - a +0 leather armour (worn)
 h - a +0 cloak (worn)
Wands
 j - a wand of iceblast (8)
Scrolls
 f - a scroll of blinking
 g - a scroll of enchant weapon {unknown}
 i - 2 scrolls of fog


   Skills:
 + Level 4.1 Fighting
 + Level 2.5 Polearms
 + Level 4.5 Bows
 - Level 1.8 Dodging
 - Level 0.7 Stealth


You had 5 spell levels left.
You didn't know any spells.
Your spell library was empty.

Dungeon Overview and Level Annotations

Branches:
Dungeon (5/15)
 Temple: D:4-7

Altars:
Ru
Yredelemnul

Shops:
D:2 :


Innate Abilities, Weirdness & Mutations

You are immune to poison.
Your flesh is cold resistant. (rC+)
You are immune to negative energy. (rN+++)
You are immune to unholy pain and torment.
You can survive without breathing.
You are vulnerable to heat. (rF-)
You sometimes lose the ability to read scrolls when taking damage.
You do not drink.


Message History

The gnoll hits you with a +3 whip.
Fire: 137 arrows
Press: ? - help, Q - select action, (/) - cycle Shift-Dir - straight line, f/p - gnoll shaman
Aim: a gnoll shaman, wielding a +0 club and wearing a +0 robe (moderately wounded, 66% to hit)
You shoot an arrow. The arrow barely misses the gnoll.
The arrow hits the gnoll!
The gnoll is heavily wounded.
The gnoll hits you from afar with a +3 spear.
The gnoll misses you.
The gnoll shaman calls upon its god to speed up the gnoll.
The gnoll seems to speed up.
The gnoll hits you with a +3 whip!
You feel threatened and lose the ability to read scrolls!
You can read scrolls again.
The gnoll barely misses you. The gnoll misses you.
Okay, then.
The gnoll hits you with a +3 whip.
You feel threatened and lose the ability to read scrolls!
You cannot read scrolls in your current state!
The gnoll hits you from afar with a +3 spear!
* * * LOW HITPOINT WARNING * * *
The gnoll hits you with a +3 whip.
* * * LOW HITPOINT WARNING * * *
Okay, then.
Fire: 136 arrows
Press: ? - help, Q - select action, (/) - cycle Shift-Dir - straight line, f - gnoll, p - gnoll shaman
Aim: a gnoll, wielding a +3 spear and wearing a +0 leather armour (moderately wounded, fast, 66% to hit)
Okay, then.
Okay, then.
Okay, then.
Aiming: Iceblast
Press: ? - help, Shift-Dir - straight line, f - gnoll, p - gnoll shaman
Aim: a gnoll, wielding a +3 spear and wearing a +0 leather armour (moderately wounded, fast)
The mass of ice explodes!
The iceblast engulfs the gnoll.
The gnoll is almost dead.
The iceblast engulfs the gnoll!
You kill the gnoll!
The gnoll hits you from afar with a +3 spear!
You die...

..............##.##g########.#.##
...................g..........(.#
####.........................(...
# #..#.###.#.##..#.#####..#.#(.#
####..#.###.#.#^....# #. #.#(.#
..........#.#.#.....# ##..#.#..#
...................... .........#
........#.#.#.#..#..#####..#.....
#..##..##.#g#.#.@##># # #.#..#
#..##..##.#.#.#.)########..#.#g.#
#......##.#....g..............g..
#...#..#.........#########.###...
..........#.#.#..####### #. #...
............#........... . #!.#
#...#..#.##(#.#.g#############g.#
......... #.#..g....gg.g......#
#...#..... . #..#.##########...#


You could see a gnoll shaman and 2 gnolls.

Vanquished Creatures
  An ogre (D:5)
  A centaur (D:5)
  A howler monkey (D:5)
  2 gnolls
  A river rat (D:5)
  2 adders (D:3)
  An adder skeleton (D:4)
  2 worms
  5 dart slugs
  2 orcs
  3 bats
  8 endoplasms
  4 giant cockroaches
  6 hobgoblins
  7 jackals
  5 quokkas
  5 ball pythons
  4 frilled lizards
  2 goblins
  5 kobolds
  6 rats
73 creatures vanquished.

Vanquished Creatures (others)
  4 plants (D:2)
4 creatures vanquished.

Grand Total: 77 creatures vanquished

Notes
Turn   | Place    | Note
-------+----------+-------------------------------------------
     0 | D:1      | sizableburger the Mummy Hunter began the quest for the Orb.
     0 | D:1      | Reached XP level 1. HP: 16/16 MP: 1/1
   360 | D:1      | Reached XP level 2. HP: 22/22 MP: 2/2
   867 | D:1      | Reached XP level 3. HP: 28/28 MP: 3/3
  1241 | D:2      | Found Gaeq's Book Shoppe.
  1317 | D:2      | Reached skill level 1 in Polearms
  1776 | D:3      | Reached XP level 4. HP: 34/35 MP: 4/4
  1807 | D:3      | Found a faded altar of an unknown god.
  1957 | D:3      | Found a sacrificial altar of Ru.
  2097 | D:3      | Became a worshipper of Ru the Awakened
  2623 | D:5      | Entered Level 5 of the Dungeon
  2630 | D:5      | Noticed an ogre
  2642 | D:5      | Killed an ogre
  2643 | D:5      | Reached XP level 5. HP: 19/41 MP: 5/5
  3061 | D:5      | Noticed a centaur
  3069 | D:5      | Killed a centaur
  3070 | D:5      | Reached XP level 6. HP: 10/48 MP: 6/6
  3441 | D:5      | Found a basalt altar of Yredelemnul.
  3447 | D:5      | Gained mutation: You sometimes lose the ability to read
                  | scrolls when taking damage. [Ru sacrifice]
  3447 | D:5      | Reached * piety under Ru
  3780 | D:5      | Slain by a gnoll

Illustrated notes

Levels and vault maps discovered:
D:1:      lemuel_arrival_funnel, layout_basic
D:2:      layout_rooms, serial_shops, shop_fountains, serial_bayou_ford_a,
          hex_tiny
D:3:      layout_basic, nicolae_ru_path_of_blood, basic_ecumenical_altar
D:4:      layout_basic, amcnicky_altar_gilded, led_sif_pool, serial_shops, shop,
          ebering_ghost_rock_garden
D:5:      layout_basic, nicolae_overflow_crystal_walls,
          nicolae_uskayaw_suspiria, gup_sewer_entry_bowl

Skill      XL: |  1  2  3  4  5 |
---------------+----------------+-----
Polearms       | 1 2 |  2.5
Fighting       | 3 4 |  4.1
Bows           | 4 |  4.5
Dodging        | |  1.8
Stealth        | |  0.7

Action                   |  1- 3 |  4- 6 || total
-------------------------+-------+-------++-------
Melee: Spear             |    85 |    71 ||   156
       Short sword       |     3 |       ||     3
 Fire: Shortbow          |    17 |    21 ||    38
Invok: Sacrifice Words   |       |     1 ||     1
Evoke: Wand              |       |     1 ||     1
  Use: Scroll            |       |     7 ||     7
 Stab: Sleeping          |     4 |     2 ||     6
Armor: Leather armour    |    14 |    13 ||    27
Dodge: Dodged            |    41 |    32 ||    73

Table legend: (Time is in decaauts)
 A = Elapsed time spent in this place.
 B = Non-inter-level travel time spent in this place.
 C = Inter-level travel time spent in this place.
 D = Time resting spent in this place.
 E = Time spent auto-exploring this place.
 F = Levels seen in this place.
 G = Mean time per level.
                   A        B        C        D        E       F      G
               +--------+--------+--------+--------+--------+-----+--------+
         Total |   3793 |   3641 |    152 |    657 |   2407 |   5 |  758.6 |
       Dungeon |   3793 |   3641 |    152 |    657 |   2407 |   5 |  758.6 |
               +--------+--------+--------+--------+--------+-----+--------+

Top non-repeatable levels by time:
     D:5: 1154 daAuts
     D:1: 1137 daAuts
     D:3: 828 daAuts
     D:2: 592 daAuts
     D:4: 80 daAuts
